 Dungeon Crawl Stone Soup version 0.25-a0-737-g26c3a87c45 (webtiles) character file.

Game seed: 5869976400258316398, levelgen mode: deterministic

3840 magipi the Thrower (level 10, -3/91 HPs)
             Began as a Tengu Hunter on Apr 11, 2020.
             Was a Priest of Okawaru.
             Splashed by a jelly's acid (5 damage)
             ... on level 8 of the Dungeon.
             The game lasted 00:24:02 (7856 turns).

magipi the Thrower (Tengu Hunter)                   Turns: 7856, Time: 00:24:02

Health: -3/91      AC: 17    Str: 15    XL:     10   Next: 18%
Magic:  14/14      EV:  2    Int: 12    God:    Okawaru [***...]
Gold:   420        SH:  0    Dex: 15    Spells: 9/9 levels left

rFire    . . .     SeeInvis .   (no weapon)
rCold    . . .     Gourm    .   (no shield)
rNeg     + + +     Faith    .   (armour currently unavailable)
rPois    +         Spirit   .   (helmet currently unavailable)
rElec    .         Reflect  .   (cloak currently unavailable)
rCorr    .         Harm     .   (gloves currently unavailable)
MR       .....     NoTele   +   (boots unavailable)
Stlth    ++........             (no amulet)
HPRegen  0.25/turn              (no ring)
MPRegen  0.14/turn              (no ring)

@: tree-form, corroded
A: able to fly
a: Stop Flying, Heroism, Renounce Religion


You were on level 8 of the Dungeon.
You worshipped Okawaru.
Okawaru was most pleased with you.
You were not hungry.
You were a tree.
You visited 2 branches of the dungeon, and saw 9 of its levels.

You collected 420 gold pieces.

Inventory:

Hand Weapons
 a - a +2 vorpal trident
   (You found it on level 4 of the Dungeon)
 k - a +0 short sword
 o - a +2 quarterstaff of chaos
   (You took it off Crazy Yiuf on level 2 of the Dungeon)
Missiles
 b - 7 curare-tipped darts
 c - 7 javelins
 d - 3 throwing nets
 m - 3 poisoned darts (quivered)
 w - 9 boomerangs
Armour
 l - a +0 pair of gloves (melded)
   (You found it on level 1 of the Dungeon)
 p - a +0 cloak (melded)
   (You took it off Crazy Yiuf on level 2 of the Dungeon)
 r - a +0 scale mail (melded)
   (You found it on level 2 of the Dungeon)
Wands
 g - a wand of paralysis (1)
   (You took it off Harold on level 7 of the Dungeon)
 q - a wand of acid (7)
   (You found it on level 7 of the Dungeon)
 u - a wand of clouds (5)
   (You found it on level 8 of the Dungeon)
 v - a wand of flame (22)
   (You took it off Ijyb on level 5 of the Dungeon)
 E - a wand of iceblast (9)
   (You found it on level 6 of the Dungeon)
Scrolls
 e - 7 scrolls of teleportation
 h - 2 scrolls of immolation
 j - a scroll of acquirement {unknown}
 n - a scroll of enchant weapon {unknown}
 s - a scroll of fog
 y - 3 scrolls of remove curse
 B - a scroll of blinking {unknown}
 C - 2 scrolls of fear {unknown}
Potions
 i - 2 potions of curing
Comestibles
 x - 15 rations


   Skills:
 + Level 6.5 Fighting
 + Level 5.1 Polearms
 + Level 8.4 Throwing
 + Level 5.1 Armour
 + Level 7.0 Dodging
 - Level 1.0 Stealth
 + Level 1.8 Invocations
 + Level 4.6 Evocations


You had 9 spell levels left.
You didn't know any spells.
Your spell library was empty.

Dungeon Overview and Level Annotations

Branches:
Dungeon (8/15)             Temple (1/1) D:5
   Lair: D:8-11

Altars:
Ashenzari
Cheibriados
Dithmenos
Elyvilon
Fedhas
Gozag
Hepliaklqana
Makhleb
Nemelex Xobeh
Okawaru
Qazlal
Ru
Sif Muna
Trog
Uskayaw
Vehumet
Wu Jian
Xom
Yredelemnul
Zin
The Shining One

Shops:
D:5 =

Annotations:
D:2 Sigmund
D:6 dig


Innate Abilities, Weirdness & Mutations

((You have a beak for a mouth.))
((You have claws for feet.))
You can fly continuously.


Message History

The killer bee stings you but does no damage. x2
You hit the jelly.
Your branches burn!
The jelly is lightly wounded.
The killer bee stings you.
The killer bee stings you but does no damage.
The jelly hits you but does no damage.
The killer bee stings you but does no damage. x2
You hit the jelly.
Your branches burn!
The jelly is moderately wounded.
The killer bee stings you but does no damage. x2
The jelly barely misses you.
The killer bee stings you but does no damage.
The killer bee stings you.
You hit the jelly.
Your branches burn!
The jelly is moderately wounded.
You feel sick.
The killer bee stings you but does no damage. x2
The jelly hits you but does no damage. The killer bee stings you.
* * * LOW HITPOINT WARNING * * *
The killer bee barely misses you.
You smack the jelly!
The acid corrodes you!
Your branches burn!
* * * LOW HITPOINT WARNING * * *
The jelly is heavily wounded.
The killer bee stings you.
* * * LOW HITPOINT WARNING * * *
The killer bee stings you.
* * * LOW HITPOINT WARNING * * *
The jelly hits you but does no damage.
The killer bee stings you but does no damage. x2
Unknown command.
It was a potion of ambrosia.
You are confused.
You feel invigorated.
The killer bee stings you but does no damage.
The killer bee stings you.
* * * LOW HITPOINT WARNING * * *
The jelly hits you but does no damage. The killer bee barely misses you.
The killer bee stings you.
* * * LOW HITPOINT WARNING * * *
Unknown command.
Unknown command.
You feel better.
You feel less invigorated.
The killer bee stings you but does no damage. x2
The jelly hits you but does no damage. The killer bee stings you.
* * * LOW HITPOINT WARNING * * *
The killer bee stings you but does no damage.
Unknown command.
You closely miss the killer bee.
The killer bee stings you but does no damage.
The killer bee barely misses you. The jelly hits you.
* * * LOW HITPOINT WARNING * * *
The acid corrodes you!
You are splashed with acid!
* * * LOW HITPOINT WARNING * * *
The killer bee stings you but does no damage. x2
You hit the killer bee but do no damage.
The killer bee stings you but does no damage.
The killer bee completely misses you. The jelly hits you but does no damage.
The killer bee stings you.
* * * LOW HITPOINT WARNING * * *
The killer bee stings you.
* * * LOW HITPOINT WARNING * * *
Unknown command.
Throwing (i - inventory. (/) - cycle)
m - 5 poisoned darts (quivered)
Press: ? - help, Shift-Dir - straight line, f - killer bee
Aim: a killer bee You throw a poisoned dart.
The poisoned dart barely misses the killer bee.
The killer bee stings you but does no damage.
The jelly hits you but does no damage.
The killer bee stings you but does no damage.
Unknown command.
Unknown command.
Throwing (i - inventory. (/) - cycle)
m - 4 poisoned darts (quivered)
Press: ? - help, Shift-Dir - straight line, f/p - killer bee
Aim: a killer bee You throw a poisoned dart.
The poisoned dart barely misses the killer bee.
The killer bee stings you but does no damage. x2
The killer bee stings you.
* * * LOW HITPOINT WARNING * * *
The jelly hits you but does no damage.
Unknown command.
Unknown command.
You feel better. The killer bee stings you.
* * * LOW HITPOINT WARNING * * *
The killer bee stings you.
* * * LOW HITPOINT WARNING * * *
The killer bee barely misses you.
The killer bee stings you but does no damage.
The jelly hits you but does no damage.
Unknown command.
You smack the jelly!
Your branches burn!
* * * LOW HITPOINT WARNING * * *
The jelly is severely wounded.
The killer bee stings you but does no damage. x3
The killer bee stings you.
* * * LOW HITPOINT WARNING * * *
The jelly hits you but does no damage.
You hit the jelly.
Your branches burn!
You die...

####....#........#..#..8
........#........#......
........##########(.....
............(..(.[......
........................
...............).......#
.......................#
###.
#....y....#####.....+
.... #...♣###.## #.....#
.... '..'...yJy.....
#.....# ....
#..#....#...... #.....#
## #....#...... #.....#
......# ?.##. ##.....#
.......# ####..#..._..#
........# #..+......#
........# #..#......# #.
#......#


You could see a jelly and 3 killer bees.

Vanquished Creatures
  Harold (D:7)
  Joseph (D:8)
  Grinder (D:5)
  A hungry ghost (D:7)
  2 phantoms
  A sky beast (D:7)
  A black bear (D:5)
  2 orc warriors
  An ice beast (D:3)
  3 ogres
  A necrophage (D:7)
  A centaur (D:8)
  5 bullfrogs
  2 killer bees (D:8)
  A howler monkey (D:5)
  3 crimson imps
  4 orc priests
  3 hounds (D:7)
  2 centaur skeletons (D:8)
  A bullfrog skeleton (D:6)
  Ijyb (D:5)
  Crazy Yiuf (D:2)
  4 orc wizards
  5 worker ants
  A mummy (D:8)
  2 hound skeletons
  A howler monkey zombie (D:5)
  2 worker ant zombies
  3 gnolls (D:2)
  6 adders
  4 shadow imps
  An ooze (D:2)
  8 worms
  3 dart slugs
  6 leopard geckos
  17 orcs
  9 bats
  7 giant cockroaches
  7 goblins
  6 hobgoblins
  5 jackals
  3 kobolds
  A quokka (D:6)
  A ball python (D:1)
  6 frilled lizards
  A jackal zombie (D:5)
  2 quokka skeletons (D:5)
  10 rats
160 creatures vanquished.

Notes
Turn   | Place    | Note
-------+----------+-------------------------------------------
     0 | D:1      | magipi the Tengu Hunter began the quest for the Orb.
     0 | D:1      | Reached XP level 1. HP: 12/12 MP: 2/2
    84 | D:1      | Reached XP level 2. HP: 10/17 MP: 3/3
   712 | D:1      | Reached XP level 3. HP: 22/22 MP: 4/4
  1306 | D:2      | Reached XP level 4. HP: 27/27 MP: 5/5
  1356 | D:2      | Found a runed translucent door.
  1357 | D:2      | Noticed Crazy Yiuf
  1372 | D:2      | Killed Crazy Yiuf
  1372 | D:2      | Reached skill level 5 in Throwing
  1758 | D:2      | Noticed Sigmund
  1975 | D:2      | Gained mutation: You can fly continuously. [Tengu growth]
  1975 | D:2      | Reached XP level 5. HP: 32/32 MP: 6/6
  2267 | D:3      | Noticed an ice beast
  2271 | D:3      | Killed an ice beast
  2347 | D:3      | Reached XP level 6. HP: 37/37 MP: 7/7
  2450 | D:3      | Reached skill level 6 in Throwing
  3107 | D:4      | Found a hide-covered altar of Uskayaw.
  3107 | D:4      | Found a shimmering blue altar of Sif Muna.
  3113 | D:4      | Found a hazy altar of Hepliaklqana.
  3485 | D:4      | Noticed a moth of wrath
  3488 | D:4      | Found a bloodstained altar of Trog.
  3731 | D:5      | Entered Level 5 of the Dungeon
  3759 | D:5      | Reached XP level 7. HP: 38/42 MP: 8/8
  3863 | D:5      | Noticed Ijyb
  4104 | D:5      | Killed Ijyb
  4399 | D:5      | Noticed Grinder
  4428 | D:5      | Killed Grinder
  4428 | D:5      | Reached skill level 1 in Polearms
  4428 | D:5      | Reached skill level 1 in Armour
  4428 | D:5      | Reached skill level 1 in Evocations
  4659 | D:5      | Found Zoer Nio's Jewellery Shop.
  4685 | D:5      | Reached skill level 5 in Dodging
  4706 | D:5      | Found a staircase to the Ecumenical Temple.
  4711 | Temple   | Entered the Ecumenical Temple
  4835 | Temple   | Became a worshipper of Warmaster Okawaru
  4999 | D:5      | Reached skill level 7 in Throwing
  4999 | D:5      | Reached XP level 8. HP: 25/48 MP: 8/10
  5265 | D:6      | Found a glowing silver altar of Zin.
  5442 | D:6      | Found a stormy altar of Qazlal.
  5453 | D:6      | Found a shattered altar of Ashenzari.
  5515 | D:6      | Reached * piety under Okawaru
  5689 | D:6      | Reached skill level 5 in Fighting
  5926 | D:6      | Found a blossoming altar of Fedhas.
  5926 | D:6      | Found a shimmering altar of Xom.
  6052 | D:6      | Found a sacrificial altar of Ru.
  6245 | D:7      | Noticed Harold
  6251 | D:7      | Paralysed by Harold for 2 turns
  6255 | D:7      | Paralysed by Harold for 3 turns
  6274 | D:7      | Killed Harold
  6274 | D:7      | Reached ** piety under Okawaru
  6274 | D:7      | Reached XP level 9. HP: 31/55 MP: 12/12
  6510 | D:7      | Reached skill level 8 in Throwing
  6744 | D:7      | Reached skill level 1 in Invocations
  7099 | D:8      | Reached *** piety under Okawaru
  7287 | D:8      | Reached XP level 10. HP: 53/60 MP: 14/14
  7441 | D:8      | Found a burning altar of Makhleb.
  7462 | D:8      | Noticed Joseph
  7477 | D:8      | Killed Joseph
  7477 | D:8      | Reached skill level 5 in Polearms
  7477 | D:8      | Reached skill level 5 in Armour
  7784 | D:8      | Found a snail-covered altar of Cheibriados.
  7855 | D:8      | HP: 2/91 [killer bee (3)]
  7856 | D:8      | Splashed by a jelly's acid

Levels and vault maps discovered:
D:1:      dpeg_arrival_simpleton_b, layout_loops_ring, minmay_distorted
D:2:      minmay_chambers_of_twos, layout_basic, uniq_sigmund,
          uniq_crazy_yiuf_cottage
D:3:      layout_rooms, first_ration
D:4:      layout_loops_ring, tgw_trog, nicolae_overflow_crystal_walls,
          chequers_temple_overflow_statue_of_worship
D:5:      layout_rooms, temple_statues, serial_shops, shop, uniq_grinder,
          uniq_ijyb
D:6:      layout_gridville, ashenzari_altar_1, overflow_temple_1_default,
          zin_scriptorium, gammafunk_temple_overflow_wave,
          nicolae_qazlal_general_emergency
D:7:      layout_basic, uniq_harold
D:8:      layout_gridville, bloody_makhleb, slow_altar_2, uniq_joseph
Temple:   nicolae_temple_figure_zero

Skill      XL: |  1  2  3  4  5  6  7  8  9 10 |
---------------+-------------------------------+-----
Dodging        | 3 4 5 6 7 |  7.0
Throwing       | 5 6 7 8 |  8.4
Fighting       | 3 4 5 6 |  6.5
Polearms       | 2 4 5 |  5.1
Armour         | 1 4 5 |  5.1
Evocations     | 1 3 4 |  4.6
Invocations    | 1 |  1.8
Stealth        | |  1.0

Action                   |  1- 3 |  4- 6 |  7- 9 | 10-12 || total
-------------------------+-------+-------+-------+-------++-------
Melee: Short sword       |    67 |    96 |    41 |       ||   204
       Kick              |    15 |    18 |    74 |     8 ||   115
       Peck              |    11 |    17 |    43 |     9 ||    80
       Trident           |       |       |   199 |    36 ||   235
       Unarmed           |       |       |       |    17 ||    17
Throw: Javelin           |     4 |     9 |    12 |       ||    25
       Dart              |       |    62 |    15 |     7 ||    84
       Throwing net      |       |     1 |     1 |       ||     2
Invok: Heroism           |       |       |     1 |       ||     1
 Abil: Fly               |       |     1 |       |       ||     1
  Use: Scroll            |       |     9 |     1 |       ||    10
       Potion            |       |       |     7 |     5 ||    12
 Stab: Sleeping          |       |     1 |       |       ||     1
       Invisible         |       |       |     1 |       ||     1
  Eat: Chunk             |       |     6 |     8 |     2 ||    16
       Ration            |       |     1 |     1 |       ||     2
Armor: Leather armour    |    21 |     8 |       |       ||    29
       Scale mail        |       |    21 |    70 |     5 ||    96
       Skin              |       |       |       |   101 ||   101
Dodge: Dodged            |    40 |    83 |   155 |    31 ||   309

Table legend:
 A = Non-vault XP
 B = Vault XP
 C = Vault XP percentage of total XP
 D = Non-vault monster count
 E = Vault monster count
 F = Vault count percentage of total count
                 A         B        C        D         E       F
            +---------+---------+-------+---------+---------+-------
      Total |    3632 |    1854 |  33.8 |     137 |      23 |  14.4
            +---------+---------+-------+---------+---------+-------
        D:1 |      27 |       9 |  25.0 |      17 |       4 |  19.0
        D:2 |      95 |      52 |  35.4 |      21 |       9 |  30.0
        D:3 |     263 |       0 |   0.0 |      17 |       0 |   0.0
        D:4 |       0 |      17 | 100.0 |       0 |       5 | 100.0
        D:5 |     706 |     308 |  30.4 |      24 |       2 |   7.7
        D:6 |     588 |       0 |   0.0 |      17 |       0 |   0.0
        D:7 |    1402 |    1013 |  41.9 |      27 |       1 |   3.6
        D:8 |     551 |     455 |  45.2 |      14 |       2 |  12.5
            +---------+---------+-------+---------+---------+-------

Action                   |  1- 3 |  4- 6 |  7- 9 | 10-12 || total
-------------------------+-------+-------+-------+-------++-------
Melee: Short sword       |    67 |    96 |    41 |       ||   204
       Kick              |    15 |    18 |    74 |     8 ||   115
       Peck              |    11 |    17 |    43 |     9 ||    80
       Trident           |       |       |   199 |    36 ||   235
       Unarmed           |       |       |       |    17 ||    17
Throw: Javelin           |     4 |     9 |    12 |       ||    25
       Dart              |       |    62 |    15 |     7 ||    84
       Throwing net      |       |     1 |     1 |       ||     2
Invok: Heroism           |       |       |     1 |       ||     1
 Abil: Fly               |       |     1 |       |       ||     1
  Use: Scroll            |       |     9 |     1 |       ||    10
       Potion            |       |       |     7 |     5 ||    12
 Stab: Sleeping          |       |     1 |       |       ||     1
       Invisible         |       |       |     1 |       ||     1
  Eat: Chunk             |       |     6 |     8 |     2 ||    16
       Ration            |       |     1 |     1 |       ||     2
Armor: Leather armour    |    21 |     8 |       |       ||    29
       Scale mail        |       |    21 |    70 |     5 ||    96
       Skin              |       |       |       |   101 ||   101
Dodge: Dodged            |    40 |    83 |   155 |    31 ||   309
